Map: Jagannatha LE

Players

DisK

  • Race: Protoss Protoss
  • Spawn Location: 1:00

Namshar - Winner!

  • Race: Zerg Zerg
  • League: Master
  • Spawn Location: 7:00

Event: DreamHack SC2 Masters 2020 Winter

VOD

Have the link to the VOD?

Description

Time

  • Played on: Oct. 13, 2020, 8:14 p.m.
  • Length: 17:13

All games in this series

Show
View Real Time Build Order
Export as new Build Order

DisK Protoss 

Build Orders: 1 Gate Expand, Oracle Opening, Phoenix Opening, Mass Phoenix 

Get SALT Encoding   

  12  0:00  Probe  
  13  0:12  Probe  
  14  0:20  Pylon  
  14  0:24  Probe  
  15  0:38  Probe (Chrono Boost)  
  15  0:39  Gateway  
  16  0:49  Assimilator, Probe (Chrono Boost)  
  17  0:54  Probe (Chrono Boost)  
  18  1:04  Probe  
  19  1:16  Probe  
  20  1:24  Nexus  
  20  1:34  Cybernetics Core  
  20  1:37  Probe  
  21  1:43  Assimilator  
  21  1:49  Probe  
  21  1:53  Pylon  
  22  2:01  Probe (Chrono Boost)  
  23  2:09  Adept (Chrono Boost)  
  23  2:13  Probe (Chrono Boost)  
  26  2:17  Stargate  
  26  2:18  Probe (Chrono Boost)  
  27  2:26  Warp Gate  
  27  2:29  Probe (Chrono Boost)  
  28  2:35  Pylon  
  27  2:37  Probe (Chrono Boost)  
  27  2:42  Adept  
  31  2:47  Probe (Chrono Boost)  
  31  2:50  Probe (Chrono Boost)  
  32  2:55  Probe x2  
  34  3:01  Phoenix (Chrono Boost)  
  36  3:07  Probe x2  
  36  3:10  Pylon  
  38  3:13  Gateway  
  38  3:14  Gateway  
  38  3:19  Probe  
  39  3:23  Oracle (Chrono Boost)  
  42  3:28  Pylon  
  42  3:30  Probe  
  42  3:33  Probe  
  44  3:42  Probe  
  44  3:45  Probe  
  46  3:51  Assimilator, Stargate  
  46  3:53  Assimilator  
  46  3:54  Pylon, Probe  
  48  4:02  Phoenix  
  48  4:04  Probe (Chrono Boost)  
  48  4:06  Probe (Chrono Boost)  
  51  4:15  Probe (Chrono Boost)  
  51  4:16  Probe (Chrono Boost)  
  53  4:21  Probe  
  53  4:22  Zealot  
  56  4:24  Probe  
  56  4:27  Phoenix  
  56  4:31  Nexus  
  59  4:34  Pylon  
  59  4:36  Probe  
  60  4:41  Phoenix (Chrono Boost)  
  62  4:52  Probe  
  63  4:53  Phoenix (Chrono Boost), Pylon  
  63  4:56  Probe  
  66  5:02  Robotics Facility  
  66  5:04  Probe  
  67  5:07  Phoenix (Chrono Boost)  
  67  5:08  Probe  
  67  5:12  Phoenix  
  72  5:17  Probe  
  72  5:20  Pylon  
  74  5:28  Probe  
  74  5:39  Shield Battery  
  74  5:43  Pylon, Probe  
  74  5:44  Phoenix x2  
  79  5:53  Probe x2  
  79  5:55  Probe  
  82  6:03  Forge, Twilight Council  
  82  6:06  Probe x2 (Chrono Boost)  
  82  6:11  Probe (Chrono Boost)  
  85  6:16  Assimilator  
  85  6:17  Assimilator, Sentry x2  
  85  6:18  Probe x2 (Chrono Boost)  
  91  6:20  Gateway x2, Probe (Chrono Boost)  
  91  6:23  Probe x2 (Chrono Boost)  
  91  6:25  Probe (Chrono Boost)  
  94  6:31  Pylon  
  94  6:32  Pylon, Probe x2  
  95  6:43  Blink  
  95  6:45  Probe  
  94  6:47  Protoss Ground Weapons Level 1 (Chrono Boost)  
  94  6:50  Probe x2  
  96  6:55  Robotics Facility  
  96  6:56  Gateway  
  96  6:57  Gateway  
  96  6:58  Probe  
  96  6:59  Gateway  
  97  7:02  Probe x2  
  99  7:09  Pylon  
  99  7:10  Probe  
  99  7:11  Immortal (Chrono Boost)  
  99  7:13  Robotics Bay  
  104  7:18  Stalker x2, Sentry  
  110  7:26  Nexus  
  110  7:31  Pylon  
  110  7:33  Sentry  
  110  7:36  Pylon  
  112  7:48  Gateway x2  
  112  7:50  Pylon  
  112  7:52  Shield Battery x2  
  112  7:54  Sentry x2  
  112  7:55  Photon Cannon, Stalker x2  
  112  7:57  Stalker  
  122  8:03  Colossus (Chrono Boost)  
  122  8:05  Colossus (Chrono Boost)  
  134  8:16  Gateway  
  134  8:18  Pylon  
  134  8:19  Pylon  
  134  8:24  Extended Thermal Lance  
  134  8:26  Probe x3  
  137  8:33  Protoss Ground Weapons Level 2 (Chrono Boost)  
  137  8:36  Gateway  
  137  8:38  Photon Cannon  
  137  8:39  Photon Cannon  
  137  8:44  Charge  
  137  8:49  Assimilator  
  137  8:50  Stalker  
  137  8:51  Stalker  
  137  8:52  Assimilator  
  137  8:53  Colossus (Chrono Boost)  
  141  8:58  Observer (Chrono Boost)  
  148  9:13  Stalker x5  
  158  9:23  Pylon  
  158  9:24  Pylon  
  160  9:32  Warp Prism (Chrono Boost)  
  160  9:33  Photon Cannon  
  160  9:35  Photon Cannon  
  160  9:37  Stalker  
  160  9:38  Stalker x2  
  164  9:50  Stalker x5  
  174  9:54  Stalker x2  
  174  9:58  Colossus (Chrono Boost)  
  174  9:59  Observer  
  178  10:04  Templar Archives  
  184  10:23  Immortal (Chrono Boost)  
  188  10:31  Nexus  
  188  10:32  Pylon  
  188  10:36  Assimilator  
  188  10:37  Zealot x6, Dark Shrine  
  188  10:40  Assimilator, Psionic Storm, Gravitic Boosters  
  169  11:25  Colossus x2 (Chrono Boost), Zealot x8  
  158  11:26  Zealot x3  
  168  11:57  High Templar x4  
  168  12:00  High Templar x2  
  180  12:10  Colossus x2  
  180  12:13  Photon Cannon  
  180  12:14  Photon Cannon  
  172  12:16  Photon Cannon, Protoss Ground Weapons Level 3 (Chrono Boost)  
  172  12:18  Zealot x5, Shield Battery  
  172  12:19  Shield Battery  
  172  12:22  Pylon  
  182  12:25  Photon Cannon  
  182  12:26  Photon Cannon  
  182  12:30  Photon Cannon  
  182  12:40  Dark Templar  
  182  12:41  Dark Templar x2  
  182  12:42  Fleet Beacon  
  182  12:44  Zealot x4  
  176  13:05  Observer (Chrono Boost)  
  160  13:10  Observer (Chrono Boost)  
  160  13:12  Zealot x4  
  141  13:13  Zealot x7  
  141  13:16  Probe x2  
  153  13:35  High Templar x11  
  153  13:39  Archon  
  153  13:40  Archon x4  
  147  13:55  Disruptor x2  
  147  13:57  Probe x2 (Chrono Boost)  
  147  13:58  Probe (Chrono Boost)  
  157  14:03  Probe (Chrono Boost)  
  133  14:22  Zealot x9  
  109  14:36  Dark Templar  
  109  14:37  Dark Templar  
  109  14:39  Disruptor x2  
  105  14:56  Stalker x4  
  105  14:59  Probe x2  
  114  15:11  Observer  
  110  15:19  Probe (Chrono Boost)  
  110  15:20  Probe (Chrono Boost)  
  114  15:25  Probe x2 (Chrono Boost)  
  115  15:28  High Templar x4  
  115  15:29  Zealot x3, Probe (Chrono Boost)  
  115  15:30  Zealot x2  
  115  15:34  Dark Templar  
  133  15:50  Disruptor x2 (Chrono Boost)  
  139  16:01  Dark Templar x2  
  117  16:16  High Templar, Zealot x6  
  99  16:39  High Templar x2  
  100  16:42  Zealot x2  
Show
View Real Time Build Order
Export as new Build Order

Namshar Zerg - Winner!

Build Orders: Hatch First, Lurkers 

Get SALT Encoding   

  12  0:00  Drone  
  13  0:12  Overlord  
  13  0:16  Drone  
  14  0:30  Drone x2  
  16  0:48  Hatchery  
  15  0:51  Drone  
  15  0:55  Drone  
  17  0:58  Drone  
  18  1:08  Extractor  
  17  1:13  Spawning Pool  
  17  1:16  Drone  
  17  1:20  Drone  
  18  1:28  Drone  
  19  1:38  Drone  
  20  1:51  Overlord  
  20  1:59  Queen x2  
  20  2:00  Zergling x4  
  26  2:11  Drone x2  
  26  2:12  Metabolic Boost  
  28  2:21  Drone x2  
  30  2:39  Drone x2  
  30  2:43  Hatchery  
  31  2:48  Drone, Overlord  
  32  2:52  Queen  
  32  2:54  Drone  
  35  3:00  Overlord  
  35  3:05  Drone  
  36  3:12  Drone x6  
  42  3:15  Drone  
  43  3:21  Drone x2  
  43  3:24  Queen  
  47  3:31  Drone  
  47  3:32  Queen  
  50  3:34  Overlord  
  50  3:38  Overlord  
  50  3:47  Overlord  
  50  3:48  Overlord  
  50  3:51  Spore Crawler  
  50  3:52  Spore Crawler  
  50  3:53  Drone x3  
  51  4:00  Zergling x4  
  53  4:03  Drone x2  
  53  4:04  Drone x2  
  53  4:07  Spore Crawler  
  53  4:09  Drone  
  58  4:10  Drone  
  58  4:20  Drone x6  
  64  4:28  Lair  
  64  4:30  Drone, Roach Warren  
  64  4:31  Drone  
  64  4:36  Drone x4  
  68  4:40  Extractor  
  68  4:41  Extractor  
  66  4:47  Evolution Chamber  
  66  4:49  Drone x6  
  66  4:52  Overlord x2  
  71  4:57  Drone  
  72  5:01  Extractor  
  72  5:04  Pneumatized Carapace  
  71  5:09  Overlord x3  
  71  5:12  Drone x2, Extractor  
  71  5:13  Drone  
  73  5:14  Roach  
  73  5:15  Roach x2  
  73  5:21  Overlord x2  
  79  5:26  Roach  
  79  5:27  Queen x2, Roach  
  84  5:36  Drone x4  
  84  5:37  Hydralisk Den, Spore Crawler  
  84  5:40  Drone x3  
  88  5:48  Spore Crawler  
  88  5:49  Zerg Missile Weapons Level 1  
  85  5:51  Drone x5  
  85  5:56  Drone x3  
  90  6:06  Drone  
  90  6:07  Drone x7  
  97  6:11  Drone x3  
  97  6:15  Queen  
  101  6:28  Spore Crawler  
  101  6:29  Overlord x2  
  100  6:36  Queen  
  100  6:39  Queen, Hydralisk  
  102  6:40  Hydralisk x5  
  102  6:44  Hydralisk  
  108  6:55  Extractor, Hatchery  
  108  6:57  Overlord x2  
  108  6:59  Queen  
  108  7:00  Hydralisk  
  106  7:04  Muscular Augments  
  106  7:05  Drone  
  106  7:06  Drone x2  
  109  7:12  Evolution Chamber, Baneling Nest, Queen, Hydralisk  
  111  7:17  Queen  
  111  7:21  Hydralisk x2  
  117  7:23  Overseer  
  117  7:31  Drone x3  
  120  7:41  Drone x9  
  127  7:50  Infestation Pit  
  126  7:54  Overseer  
  126  7:55  Drone x6  
  132  8:02  Zerg Missile Weapons Level 2, Zerg Melee Weapons Level 1  
  132  8:06  Drone x7  
  132  8:07  Extractor  
  132  8:09  Extractor  
  137  8:15  Grooved Spines  
  137  8:16  Overlord  
  137  8:17  Overlord x2  
  137  8:21  Spore Crawler  
  136  8:28  Hydralisk  
  136  8:29  Hydralisk x5  
  136  8:32  Hatchery  
  136  8:34  Hive  
  147  8:36  Centrifical Hooks  
  147  8:38  Zergling x4  
  149  8:47  Zergling x20  
  159  9:03  Overlord x3  
  159  9:04  Overlord  
  157  9:13  Zergling x2, Hydralisk x2  
  157  9:14  Zergling x16  
  170  9:23  Spore Crawler, Spine Crawler  
  168  9:24  Drone  
  169  9:37  Queen  
  170  9:46  Viper x3  
  170  9:47  Viper  
  170  9:48  Zergling x2, Hydralisk  
  170  9:49  Zergling x20  
  195  9:53  Drone  
  195  9:55  Drone x4, Lurker Den  
  195  9:56  Extractor  
  195  9:57  Extractor  
  197  10:00  Baneling x11  
  197  10:01  Baneling x12  
  197  10:02  Baneling x6  
  197  10:03  Baneling x2  
  197  10:04  Baneling  
  197  10:05  Baneling x5  
  197  10:10  Baneling x4  
  196  10:20  Zerg Melee Weapons Level 2  
  193  10:23  Zerg Ground Armor Level 1  
  193  10:25  Zergling x12  
  199  10:35  Baneling  
  199  10:36  Baneling x4, Zergling x2  
  194  11:07  Hydralisk  
  194  11:08  Zergling x22  
  198  11:17  Zergling x2, Hydralisk  
  198  11:18  Zergling x16  
  200  11:21  Hydralisk  
  200  11:22  Zergling x18  
  194  11:29  Hydralisk  
  194  11:30  Zergling x8  
  188  11:33  Hydralisk  
  188  11:34  Zergling x10  
  188  11:37  Viper  
  188  11:39  Seismic Spines  
  192  11:41  Spire  
  192  11:42  Queen  
  188  11:48  Lurker  
  188  11:49  Baneling  
  188  11:50  Baneling x10  
  188  11:52  Lurker x4  
  188  11:53  Lurker x5  
  198  11:55  Lurker, Hatchery  
  198  11:57  Hydralisk  
  200  12:03  Adrenal Glands  
  187  12:19  Spine Crawler  
  187  12:20  Drone x5  
  187  12:21  Spine Crawler x3  
  188  12:23  Spine Crawler  
  188  12:24  Spine Crawler  
  188  12:26  Hatchery  
  188  12:29  Baneling x5  
  185  12:30  Baneling x8  
  185  12:34  Zergling x2, Hydralisk  
  185  12:35  Zergling x20  
  185  12:36  Adaptive Talons  
  166  12:59  Hydralisk x9  
  171  13:09  Hydralisk x10  
  178  13:17  Overseer  
  178  13:18  Overseer, Hydralisk  
  178  13:19  Zergling x22  
  189  13:23  Zerg Melee Weapons Level 3, Zerg Missile Weapons Level 3  
  188  13:34  Drone x5  
  188  13:37  Hydralisk x2  
  188  13:38  Zergling x4  
  188  13:40  Hydralisk  
  196  13:47  Lurker x8  
  193  13:52  Spine Crawler  
  193  13:53  Viper, Spine Crawler  
  187  14:00  Baneling x7  
  187  14:01  Zergling x24  
  191  14:14  Zergling x2, Hydralisk  
  191  14:15  Zergling x6  
  191  14:16  Hydralisk  
  178  14:17  Zergling x4  
  178  14:24  Zergling x2, Hydralisk  
  178  14:29  Zergling x2, Hydralisk  
  178  14:30  Zergling x26  
  187  14:41  Hydralisk  
  187  14:42  Zergling x8  
  185  14:46  Hydralisk  
  185  14:47  Zergling x4  
  157  14:53  Hydralisk  
  157  14:54  Hydralisk  
  161  15:04  Baneling x28  
  161  15:05  Baneling x4, Hydralisk  
  161  15:06  Hydralisk  
  164  15:13  Overseer x2  
  163  15:18  Lurker x2  
  163  15:19  Lurker x5  
  170  15:22  Hatchery  
  170  15:23  Lurker  
  170  15:24  Hatchery  
  169  15:42  Hydralisk  
  169  15:43  Zergling x24  
  169  15:44  Zergling x6  
  186  15:54  Hydralisk  
  186  15:55  Zergling x22  
  186  16:13  Hydralisk  
  186  16:14  Zergling x26  
  193  16:18  Overseer x3  
  193  16:23  Hydralisk Den, Lurker Den  
  189  16:28  Hydralisk  
  189  16:29  Zergling x10  
  170  16:35  Hydralisk x3  
  171  16:40  Hydralisk  
  168  16:50  Zergling x8  
Tags
 
Add a new tag
Caveats
  • Supply blocks, unpowered buildings, or Contaminate may cause inaccurate times.
  • Supply counts are checked every 10 seconds.